Map: [ESL] Moondance

Players

GunGFuBanDa - Winner!

  • Race: Protoss Protoss
  • Spawn Location: 6:00

milkicow

  • Race: Terran Terran
  • Spawn Location: 12:00

Event: DreamHack SC2 Masters 2022 Atlanta (Online)

VOD

Have the link to the VOD?

Description

Time

  • Played on: Oct. 6, 2022, 10:26 a.m.
  • Length: 14:27

All games in this series

Show
View Real Time Build Order
Export as new Build Order

GunGFuBanDa Protoss - Winner!

Build Orders: 1 Gate Expand, Phoenix Opening 

Get SALT Encoding   

  12  0:00  Probe  
  13  0:12  Probe  
  14  0:16  Pylon  
  14  0:24  Probe (Chrono Boost)  
  16  0:36  Probe (Chrono Boost), Gateway  
  16  0:43  Probe (Chrono Boost)  
  16  0:48  Assimilator  
  17  0:52  Probe  
  18  1:05  Probe (Chrono Boost)  
  19  1:17  Probe (Chrono Boost)  
  20  1:23  Probe (Chrono Boost)  
  21  1:25  Cybernetics Core  
  21  1:31  Probe  
  22  1:41  Nexus  
  22  1:50  Pylon  
  22  1:55  Assimilator  
  22  1:58  Probe  
  23  2:06  Stalker (Chrono Boost)  
  25  2:15  Probe  
  26  2:28  Stalker  
  27  2:31  Probe  
  27  2:43  Probe  
  27  2:44  Stargate  
  28  2:52  Warp Gate  
  28  2:55  Probe (Chrono Boost)  
  28  2:58  Probe (Chrono Boost)  
  30  3:03  Stalker  
  30  3:05  Probe (Chrono Boost)  
  33  3:08  Probe (Chrono Boost)  
  33  3:10  Probe (Chrono Boost)  
  35  3:21  Probe x2 (Chrono Boost)  
  36  3:27  Phoenix  
  36  3:31  Probe (Chrono Boost)  
  36  3:33  Shield Battery, Probe (Chrono Boost)  
  40  3:36  Probe (Chrono Boost)  
  41  3:42  Probe  
  39  3:49  Probe  
  39  3:52  Phoenix (Chrono Boost)  
  39  3:54  Probe  
  43  4:01  Probe, Gateway  
  43  4:02  Pylon  
  44  4:09  Phoenix (Chrono Boost)  
  46  4:22  Probe  
  46  4:23  Probe  
  48  4:26  Pylon  
  48  4:27  Assimilator  
  48  4:28  Phoenix (Chrono Boost), Assimilator  
  50  4:34  Probe  
  50  4:35  Probe  
  50  4:38  Pylon  
  52  4:46  Probe  
  53  4:55  Probe (Chrono Boost)  
  53  4:56  Stalker x2  
  53  4:58  Robotics Facility  
  57  5:08  Probe (Chrono Boost)  
  57  5:12  Probe (Chrono Boost)  
  58  5:16  Probe (Chrono Boost)  
  58  5:20  Nexus, Phoenix (Chrono Boost)  
  59  5:22  Pylon  
  59  5:25  Sentry  
  59  5:26  Zealot  
  59  5:28  Pylon  
  65  5:37  Phoenix  
  65  5:39  Pylon  
  67  5:45  Robotics Bay  
  67  5:50  Probe x2  
  67  5:55  Immortal (Chrono Boost)  
  73  6:02  Probe  
  74  6:14  Probe x2  
  74  6:16  Forge  
  76  6:18  Gateway  
  76  6:21  Gateway  
  76  6:26  Probe  
  76  6:30  Observer (Chrono Boost)  
  78  6:33  Probe  
  78  6:34  Probe  
  78  6:38  Probe  
  81  6:42  Colossus (Chrono Boost)  
  87  6:48  Probe  
  88  6:57  Protoss Ground Weapons Level 1, Probe x2  
  88  7:00  Twilight Council, Probe  
  89  7:05  Zealot x2  
  89  7:07  Pylon  
  93  7:09  Observer, Probe  
  93  7:10  Probe  
  93  7:12  Probe  
  93  7:13  Gateway  
  95  7:15  Extended Thermal Lance  
  95  7:18  Shield Battery, Gateway  
  95  7:25  Colossus (Chrono Boost)  
  101  7:33  Zealot x3  
  101  7:36  Shield Battery  
  107  7:37  Pylon  
  107  7:42  Charge (Chrono Boost)  
  104  7:54  Photon Cannon  
  104  7:59  Nexus  
  104  8:01  Pylon  
  104  8:07  Zealot x4  
  104  8:09  Colossus (Chrono Boost)  
  107  8:25  Probe  
  107  8:26  Probe  
  109  8:27  Observer  
  109  8:29  Templar Archives  
  109  8:30  Assimilator  
  109  8:35  Probe  
  110  8:46  Nexus  
  110  8:47  Pylon  
  110  8:52  Warp Prism (Chrono Boost)  
  111  9:04  Zealot x4  
  119  9:11  Observer, Probe  
  119  9:13  Probe  
  119  9:14  Probe  
  119  9:18  Immortal (Chrono Boost)  
  119  9:21  Zealot x2  
  125  9:28  Protoss Ground Weapons Level 2 (Chrono Boost)  
  125  9:30  Zealot, Stalker x3  
  131  9:31  Probe  
  131  9:33  Blink (Chrono Boost)  
  131  9:37  Forge  
  132  9:41  Shield Battery, Photon Cannon  
  132  9:43  Pylon  
  132  9:55  Nexus  
  132  9:56  Pylon  
  132  10:01  Observer, Colossus (Chrono Boost)  
  132  10:04  Dark Shrine, Pylon  
  138  10:11  Zealot  
  138  10:12  Pylon  
  140  10:19  Nexus  
  134  10:28  Pylon  
  134  10:35  Probe  
  133  10:36  Zealot x2  
  133  10:40  Probe x2  
  133  10:41  Shield Battery  
  137  10:43  Photon Cannon  
  137  10:45  High Templar, Pylon  
  137  10:46  High Templar x3  
  137  10:48  Disruptor (Chrono Boost)  
  148  10:53  Probe  
  148  10:54  Archon x2  
  149  11:00  Robotics Facility  
  149  11:05  Zealot x2  
  147  11:19  Observer  
  147  11:21  Stalker x4  
  147  11:25  Warp Prism (Chrono Boost)  
  157  11:38  Observer  
  155  11:41  Gateway  
  155  11:42  Gateway  
  155  11:44  Probe  
  155  11:49  Disruptor (Chrono Boost)  
  155  11:52  Probe  
  155  11:53  Probe  
  160  11:55  Probe  
  161  12:02  Stalker x6  
  161  12:05  Disruptor (Chrono Boost)  
  176  12:08  Protoss Ground Armor Level 1  
  176  12:15  Disruptor (Chrono Boost)  
  177  12:23  Observer  
  177  12:30  Probe, Assimilator  
  176  12:38  Zealot x6  
  176  12:39  Zealot x2  
  176  12:42  Zealot x8  
  192  12:47  Disruptor x2 (Chrono Boost)  
  180  13:06  Zealot x4, Dark Templar  
  180  13:07  Zealot x3  
  196  13:23  Nexus  
  196  13:25  Disruptor (Chrono Boost), Pylon  
  164  13:43  Zealot  
  164  13:44  Disruptor (Chrono Boost), Zealot x7  
Show
View Real Time Build Order
Export as new Build Order

milkicow Terran 

Build Orders:  

Get SALT Encoding   

  12  0:00  SCV  
  13  0:15  Supply Depot  
  13  0:18  SCV  
  14  0:30  SCV  
  15  0:39  Barracks  
  15  0:42  Refinery  
  15  0:47  SCV  
  16  0:53  Refinery  
  16  0:59  SCV  
  17  1:11  SCV  
  18  1:24  SCV  
  19  1:43  Supply Depot  
  19  1:45  Reaper  
  20  1:47  Orbital Command  
  20  1:52  Factory  
  19  2:02  Bunker  
  19  2:14  SCV  
  20  2:18  Reaper  
  21  2:29  SCV  
  21  2:36  Command Center  
  21  2:41  Starport  
  21  2:43  SCV  
  22  2:50  Widow Mine  
  24  2:55  SCV  
  24  2:57  Supply Depot  
  24  3:07  SCV  
  25  3:14  Widow Mine  
  26  3:20  SCV  
  26  3:21  Viking  
  29  3:32  SCV  
  30  3:36  Factory Tech Lab  
  30  3:44  SCV  
  31  3:49  Orbital Command  
  31  3:55  Cyclone  
  34  3:56  SCV  
  35  4:05  Barracks Reactor  
  35  4:08  SCV  
  36  4:14  SCV  
  37  4:19  Supply Depot  
  37  4:21  SCV  
  37  4:22  Orbital Command  
  37  4:24  Viking  
  40  4:32  Barracks  
  40  4:33  SCV  
  40  4:38  Siege Tank  
  44  4:45  SCV  
  43  4:47  Marine x2  
  43  4:48  SCV  
  46  4:57  SCV  
  47  5:00  SCV  
  47  5:04  Bunker, Starport Tech Lab  
  47  5:05  Marine x2  
  50  5:09  SCV  
  50  5:10  Barracks  
  50  5:13  SCV  
  52  5:17  Supply Depot  
  52  5:21  SCV  
  52  5:23  Marine  
  54  5:28  Starport Reactor  
  54  5:29  Supply Depot  
  54  5:30  Stimpack  
  54  5:33  Refinery  
  54  5:38  SCV x2, Marine x2  
  54  5:39  Engineering Bay  
  54  5:41  Marine  
  59  5:47  Supply Depot  
  59  5:50  SCV x2  
  59  5:52  Factory Reactor  
  59  5:54  Supply Depot  
  59  5:56  Marine x2  
  63  5:59  Marine  
  63  6:02  SCV  
  65  6:04  Terran Infantry Weapons Level 1  
  65  6:05  Combat Shield  
  65  6:06  Marine  
  65  6:09  SCV  
  65  6:10  Supply Depot  
  67  6:14  Marine x2  
  67  6:15  SCV, Medivac  
  67  6:16  Marine  
  67  6:18  Supply Depot  
  73  6:23  SCV  
  73  6:24  Marine  
  75  6:26  Medivac  
  75  6:31  Widow Mine, Marine x2  
  81  6:33  Supply Depot, Widow Mine  
  81  6:34  Marine  
  81  6:38  Missile Turret  
  83  6:41  SCV x2  
  83  6:42  Marine  
  81  6:49  Marine x2  
  81  6:52  Marine  
  81  6:53  SCV  
  82  6:57  SCV  
  82  6:59  Marine  
  84  7:05  Medivac x2  
  84  7:06  Widow Mine x2  
  84  7:07  Marine x2  
  93  7:10  Marine  
  93  7:12  SCV  
  93  7:15  Supply Depot  
  95  7:17  SCV  
  95  7:18  Marauder  
  95  7:24  SCV  
  95  7:25  Marine x2  
  95  7:28  Marine  
  99  7:39  Marauder  
  99  7:43  Marauder, Marine  
  99  7:45  Marine  
  99  7:46  SCV  
  99  7:47  Widow Mine  
  99  7:48  SCV, Command Center  
  100  7:57  Supply Depot, Refinery, Widow Mine  
  102  7:58  SCV  
  102  8:01  Marauder  
  102  8:03  SCV  
  102  8:05  Medivac, Marauder  
  110  8:11  Supply Depot  
  110  8:13  Medivac  
  103  8:22  Marauder, Marine  
  103  8:26  Marauder, Marine  
  107  8:27  Widow Mine x2  
  107  8:29  Terran Infantry Armor Level 1  
  110  8:37  Barracks  
  110  8:41  Marine  
  110  8:43  Marauder  
  110  8:44  Barracks  
  110  8:45  Ghost Academy  
  110  8:47  Marauder  
  116  8:48  SCV  
  116  8:50  SCV  
  115  9:00  Marine  
  116  9:05  Marauder  
  116  9:06  Marine  
  116  9:08  SCV  
  116  9:09  Marauder  
  122  9:13  SCV  
  114  9:19  Marine  
  114  9:20  SCV  
  114  9:23  Widow Mine x2  
  105  9:25  SCV, Orbital Command  
  105  9:26  Marauder  
  105  9:29  Viking  
  105  9:30  Marauder  
  110  9:31  Barracks Reactor, Barracks Tech Lab  
  110  9:32  SCV  
  110  9:37  SCV  
  110  9:38  Marine  
  112  9:43  Enhanced Shockwaves  
  112  9:44  SCV  
  114  9:47  Ghost  
  114  9:49  SCV  
  114  9:51  Ghost  
  114  9:52  Ghost  
  119  9:53  Marine  
  119  9:54  Widow Mine x2  
  119  9:56  SCV  
  119  9:57  Bunker, Marine  
  119  9:58  SCV  
  129  10:01  SCV  
  129  10:03  Viking  
  131  10:07  Supply Depot  
  131  10:08  SCV, Refinery  
  131  10:12  Marine  
  132  10:16  Marauder  
  132  10:20  Marauder, Marine  
  126  10:21  Marauder  
  126  10:22  SCV  
  126  10:23  SCV  
  126  10:24  Viking, Widow Mine x2  
  126  10:26  Supply Depot  
  136  10:30  Marine  
  136  10:31  SCV  
  136  10:34  SCV  
  123  10:35  SCV  
  123  10:37  Marauder  
  123  10:41  Marauder, Marine  
  128  10:47  Refinery  
  128  10:48  Marauder, Marine x2  
  132  10:51  SCV, Widow Mine, Command Center  
  135  10:59  Marine  
  135  11:00  Marauder  
  135  11:04  Marauder, Marine  
  138  11:07  Marine  
  138  11:08  SCV  
  138  11:09  Marauder  
  138  11:10  SCV  
  145  11:11  Armory  
  145  11:17  Marine  
  144  11:21  Marauder, Marine  
  144  11:24  Marine  
  144  11:25  SCV  
  149  11:26  Widow Mine x2, Marauder  
  149  11:27  SCV  
  149  11:31  Marauder  
  158  11:32  Engineering Bay  
  158  11:42  Marine  
  158  11:43  SCV, Marauder, Marine x3  
  165  11:57  Supply Depot x2  
  165  11:59  Terran Infantry Weapons Level 2  
  165  12:00  Terran Infantry Armor Level 2  
  165  12:02  SCV  
  165  12:03  Widow Mine x2, Marauder, Marine  
  169  12:16  Barracks  
  169  12:17  Barracks x2, Marauder, Marine  
  169  12:21  Marauder  
  174  12:24  Marine  
  174  12:25  Marauder  
  174  12:28  Marine  
  174  12:29  Widow Mine x2  
  182  12:30  Viking  
  175  12:37  SCV, Planetary Fortress  
  176  12:46  SCV  
  176  12:47  Marine  
  176  12:48  SCV, Marauder  
  176  12:49  SCV  
  173  12:58  Marauder, Marine  
  171  12:59  Marauder, Marine  
  171  13:05  Barracks Tech Lab x2  
  176  13:06  Barracks Tech Lab  
  176  13:08  Widow Mine  
  176  13:09  Medivac x2, Ghost  
  182  13:15  Starport  
  182  13:19  SCV, Ghost  
  185  13:20  SCV  
  185  13:21  Sensor Tower  
  185  13:24  Marine x2  
  188  13:34  Marauder, Marine  
  147  13:35  Marine  
  147  13:36  Marauder x2, Marine  
  138  13:45  Marauder  
  127  13:57  Ghost  
  127  14:01  Marine  
  101  14:04  Marine  
Tags
 
Add a new tag
Caveats
  • Supply blocks, unpowered buildings, or Contaminate may cause inaccurate times.
  • Supply counts are checked every 10 seconds.